 Dungeon Crawl Stone Soup version 0.29.1-2-gbd0b4ee654 (webtiles) character file.

Game seed: 9631583906761951624

325 fleeber the Magician (level 6, -4/40 HPs)
             Began as a Djinni Conjurer on Nov 8, 2022.
             Splashed by a jelly's acid (5 damage)
             ... in a sewer.
             The game lasted 00:11:09 (4814 turns).

fleeber the Magician (Djinni Conjurer)              Turns: 4814, Time: 00:11:10

Health: -4/40      AC: -2    Str: 12    XL:     6   Next: 78%
Gold:   230        EV: 12    Int: 21    God:
                   SH:  0    Dex: 12

rFire   + + .      SeeInvis .   b - +0 mace
rCold   x . .      Faith    .   (no shield)
rNeg    . . .      Spirit   .   a - +0 robe
rPois   ∞          Reflect  .   (no helmet)
rElec   .          Harm     .   (no cloak)
rCorr   .          Rampage  .   (no gloves)
Will    .....                   (boots unavailable)
Stlth   ++........              (no amulet)
HPRegen 0.13/turn               l - +6 ring of strength
MPRegen 0.00/turn               (no ring)

@: corroded, flying
A: sickness immunity, fire resistance 2, cold vulnerability 1, float, innate
caster, HP casting, extra vitality 1
a: no special abilities


You were in a sewer.
You visited 1 branch of the dungeon, and saw 4 of its levels.
You also visited: Sewer.

You collected 230 gold pieces.

Inventory:

Hand Weapons
 b - a +0 mace (weapon)
Armour
 a - a +0 robe (worn)
Jewellery
 l - a +6 ring of strength (left hand)
Scrolls
 c - a scroll of identify
 d - a scroll of noise
 e - a scroll of acquirement
 h - 2 scrolls of teleportation
 n - a scroll of vulnerability
 o - a scroll of poison {unknown}
 p - a scroll of amnesia {unknown}
 q - a scroll of fog {unknown}
Potions
 f - a potion of invisibility {unknown}
 g - a potion of might {unknown}
 i - a potion of flight {unknown}
 j - a potion of curing {unknown}
 k - a potion of resistance {unknown}
 m - a potion of degeneration {unknown}
 r - 2 potions of heal wounds {unknown}


   Skills:
 - Level 2.1 Dodging
 - Level 1.5 Stealth
 + Level 5.9 Spellcasting


You couldn't memorise any spells.
You knew the following spells:

 Your Spells              Type           Power      Damage    Failure   Level
a - Magic Dart            Conj           100%       1d8       1%          1
b - Searing Ray           Conj           62%        2d6       1%          2
c - Dazzling Flash        Conj/Hex       62%        N/A       2%          3
d - Fulminant Prism       Conj/Hex       15%        3d11      9%          4
e - Iskenderun's Mystic   Conj/Tloc      31%        2d8       9%          4
f - Sting                 Tmut/Pois      100%       1d8       1%          1
g - Wereblood             Tmut           31%        N/A       1%          2
Your spell library was empty.

Dungeon Overview and Level Annotations

Branches:
Dungeon (4/15)             Temple (0/1) D:4           Sewer (1/1)

Altars:
Elyvilon
Gozag
Ru
Trog
Wu Jian

Shops:
D:3 =


Innate Abilities, Weirdness & Mutations

You are immune to sickness and miasma.
You are immune to poison.
Your flesh is very heat resistant. (rF++)
You are vulnerable to cold. (rC-)
You float through the air rather than walking.
You learn spells naturally, not from books.
Your magical power is your life essence.
You have superior vitality. (+4 MHP)


Message History

Confirm with . or Enter, or press ? or * to list all spells.
Aiming: Magic Dart (safe; 1% risk of failure)
Press: ? - help, Shift-Dir - straight line, f/p - river rat
Aim: a river rat (severely wounded, 100% to hit)
The magic dart hits the river rat.
The river rat is severely wounded.
The river rat bites you! The jelly hits you but does no damage.
Casting: Magic Dart (safe; 1% risk of failure)
Confirm with . or Enter, or press ? or * to list all spells.
Aiming: Magic Dart (safe; 1% risk of failure)
Press: ? - help, Shift-Dir - straight line, f/p - river rat
Aim: a river rat (severely wounded, 100% to hit)
The magic dart hits the river rat!
You kill the river rat!
* * * LOW HITPOINT WARNING * * *
The jelly barely misses you.
Casting: Magic Dart (safe; 1% risk of failure)
Confirm with . or Enter, or press ? or * to list all spells.
Aiming: Magic Dart (safe; 1% risk of failure)
Press: ? - help, Shift-Dir - straight line, f - jelly
Aim: a jelly (100% to hit)
The magic dart hits the jelly.
The jelly is lightly wounded.
* * * LOW HITPOINT WARNING * * *
The jelly hits you.
* * * LOW HITPOINT WARNING * * *
The acid corrodes you!
You are splashed with acid!
* * * LOW HITPOINT WARNING * * *
Casting: Magic Dart (safe; 1% risk of failure)
Confirm with . or Enter, or press ? or * to list all spells.
Aiming: Magic Dart (safe; 1% risk of failure)
Press: ? - help, Shift-Dir - straight line, f/p - jelly
Aim: a jelly (lightly wounded, 100% to hit)
The magic dart hits the jelly.
The jelly is heavily wounded.
* * * LOW HITPOINT WARNING * * *
The jelly hits you.
* * * LOW HITPOINT WARNING * * *
You are splashed with acid.
You die...

###### ### ~~...####
##..##
.~.~.÷..##!!#~~J~##
####...~.#~~.~.†@.#
###..~##..~##~.#
##..~## ##~~.#
#...~###~~~##
##~....~.~## ###
####~~~~..### ~.#
##..##~.~.~~.###
~.###~..##...~.~..~##
..##.~.##..~#~~..~.~##


You could see a jelly.

Vanquished Creatures
  A scorpion (D:3)
  A jelly (Sewer)
  8 adders
  3 river rats (Sewer)
  A white imp (D:4)
  An ufetubus (D:4)
  6 worms
  A dart slug (D:3)
  9 orcs
  4 bats
  10 endoplasms
  7 giant cockroaches
  7 goblins
  5 hobgoblins
  4 quokkas
  14 ball pythons
  6 frilled lizards
  6 kobolds
  14 rats
108 creatures vanquished.

Notes
Turn   | Place    | Note
-------+----------+-------------------------------------------
     0 | D:1      | fleeber the Djinni Conjurer began the quest for the Orb.
     0 | D:1      | fleeber set off with the following spells memorised: Magic
                  | Dart, Searing Ray, Dazzling Flash, Fulminant Prism,
                  | Iskenderun's Mystic Blast.
     0 | D:1      | Reached XP level 1. HP: 15/15 MP: 0/0
   257 | D:1      | Reached XP level 2. HP: 17/21 MP: 0/0
   917 | D:2      | Reached XP level 3. HP: 23/25 MP: 0/0
   917 | D:2      | Learned a level 1 spell: Sting
  1063 | D:2      | Reached skill level 4 in Spellcasting
  1070 | D:2      | Found a white marble altar of Elyvilon.
  1499 | D:2      | Reached XP level 4. HP: 24/31 MP: 0/0
  2557 | D:3      | Noticed a scorpion
  2564 | D:3      | Killed a scorpion
  2565 | D:3      | Reached skill level 5 in Spellcasting
  2565 | D:3      | Reached XP level 5. HP: 15/35 MP: 0/0
  2565 | D:3      | Learned a level 2 spell: Wereblood
  2798 | D:3      | Found a faded altar of an unknown god.
  3005 | D:3      | Found a bloodstained altar of Trog.
  3118 | D:3      | Found an ornate altar of the Wu Jian Council.
  3173 | D:3      | Reached XP level 6. HP: 37/40 MP: 0/0
  3438 | D:3      | Found a sacrificial altar of Ru.
  3530 | D:3      | Found Xewkasess's Jewellery Shoppe.
  3605 | D:4      | Identified a scroll of acquirement
  3815 | D:4      | Found a staircase to the Ecumenical Temple.
  3962 | D:4      | Found an opulent altar of Gozag.
  4001 | D:4      | Found a glowing drain.
  4082 | Sewer    | Entered a sewer
  4768 | Sewer    | Found a viscous altar of Jiyva.
  4814 | Sewer    | HP: 1/40 [jelly (1)]
  4814 | Sewer    | Splashed by a jelly's acid

Illustrated notes

Levels and vault maps discovered:
D:1:      elethiomel_arrival_infinity_welcomes_careful_drivers, layout_rooms,
          ebering_dispersal_statue_hall
D:2:      layout_loops_cross, basic_altar, minmay_pentomino_v4
D:3:      layout_rooms, nzn_wu_jian_contemplation,
          mainiacjoe_overflow_surrounded_room, nicolae_ru_sacrificial_ziggurat,
          nicolae_overflow_crystal_walls, nicolae_ecumenical_snake_handling,
          serial_shops, nicolae_shop_trees
D:4:      layout_basic, amcnicky_altar_gilded, temple_statues,
          portal_sewer_entry_c, serial_demonic, serial_demonic_g,
          serial_demonic_b, serial_demonic_c, serial_demonic_f
Sewer:    sewer_hellmonk_slimy_pipes

Skill      XL: |  1  2  3  4 |
---------------+-------------+-----
Spellcasting   | 4 5 |  5.9
Dodging        | |  2.1
Stealth        | |  1.5

Action                   |  1- 3 |  4- 6 || total
-------------------------+-------+-------++-------
 Cast: Magic Dart        |    62 |   193 ||   255
  Use: Scroll            |       |     6 ||     6
Armor: Robe              |     1 |     6 ||     7
Dodge: Dodged            |     1 |    26 ||    27
